 Dungeon Crawl Stone Soup version 0.21.1-1-g345015f (webtiles) character file.

13447 Fang the Cleaver (level 12, 0/114 HPs)
             Began as a Gargoyle Berserker on May 16, 2018.
             Was a High Priest of Trog.
             Slain by a 13-headed hydra (9 damage)
             ... on level 12 of the Dungeon.
             The game lasted 00:20:23 (11678 turns).

Fang the Cleaver (Gargoyle Berserker)              Turns: 11678, Time: 00:20:23

Health: 0/114      AC: 22    Str: 30    XL:     12   Next: 6%
Magic:  12/12      EV: 13    Int: 11    God:    Trog [*****.]
Gold:   583        SH:  0    Dex:  9    Spells: 11/11 levels left

rFire    + + .     SeeInvis .   q - +3 hand axe (elec)
rCold    + . .     Gourm    .   (no shield)
rNeg     + . .     Faith    .   k - +5 ring mail of Moph {rF++}
rPois    ∞         Spirit   .   (no helmet)
rElec    +         Reflect  .   (no cloak)
rCorr    .         Harm     .   (no gloves)
MR       .....                  (no boots)
Stlth    ..........             (no amulet)
HPRegen  0.29/turn              d - ring of stealth
MPRegen  0.13/turn              E - +2 ring of intelligence

@: berserking, slow
A: claws 1, molten scales 1, cold resistance 1, negative energy resistance 1,
electricity resistance, unbreathing, petrification resistance, rot immunity, AC
+8
a: Berserk, Trog's Hand, Brothers in Arms, Burn Spellbooks, Renounce Religion


You were on level 12 of the Dungeon.
You worshipped Trog.
Trog was extremely pleased with you.
You were not hungry.

You visited 1 branch of the dungeon, and saw 12 of its levels.
You also visited: Ossuary.

You collected 583 gold pieces.

Inventory:

Hand Weapons
 q - a +3 hand axe of electrocution (weapon)
 y - a +2 antimagic broad axe
Missiles
 u - 5 steel tomahawks (quivered)
 F - 5 javelins of returning
Armour
 k - the +5 ring mail of Moph (worn) {rF++}
   (You found it on level 4 of the Dungeon)

   It greatly protects you from fire.
Jewellery
 d - a ring of stealth (left claw)
 E - a +2 ring of intelligence (right claw)
Wands
 h - a wand of polymorph (11)
 o - a wand of disintegration (13)
 z - a wand of iceblast (31)
 A - a wand of paralysis (7)
Scrolls
 f - 2 scrolls of fog
 g - 3 scrolls of identify
 j - 3 scrolls of remove curse
 l - a scroll of enchant armour
 n - 4 scrolls of teleportation
 r - 4 scrolls of magic mapping
Potions
 a - 2 potions of might
 b - a potion of brilliance
 e - a potion of cancellation
 i - 4 potions of invisibility
 s - 2 potions of lignification
 t - 2 potions of heal wounds
 w - a potion of berserk rage
 x - 3 potions of curing
 C - a potion of magic
 D - a potion of flight
Comestibles
 c - 17 rations


   Skills:
 + Level 9.4 Fighting
 + Level 12.0 Axes
 + Level 8.5 Armour
 + Level 6.1 Dodging
 + Level 6.2 Stealth


You had 11 spell levels left.
You didn't know any spells.

Dungeon Overview and Level Annotations

Branches:
Dungeon (12/15)            Temple (0/1) D:5            Lair (0/6) D:11
    Orc (0/2) D:10

Altars:
Ashenzari
Cheibriados
Dithmenos
Elyvilon
Fedhas
Hepliaklqana
Kikubaaqudgha
Nemelex Xobeh
Sif Muna
Vehumet
Wu Jian
Xom
The Shining One

Shops:
D:7 }   D:9 }   D:11 [


Innate Abilities, Weirdness & Mutations

You are resistant to torment.
Your stone body is resilient. (AC +8)
You are immune to poison.
You resist negative energy. (rN+)
You are resistant to electric shocks. (rElec)
You can survive without breathing.
You are immune to petrification.
You are immune to rotting.
You have sharp fingernails.
You are partially covered in molten scales. (AC +2)
Your flesh is cold resistant. (rC+)


Message History

* * * LOW HITPOINT WARNING * * *
The 11-headed hydra barely misses you.
You are too injured to fight recklessly!
You chop one of the 11-headed hydra's heads off!
The ten-headed hydra grows two more!
You slash the 12-headed hydra!
Lightning courses through the 12-headed hydra!
The 12-headed hydra is almost dead.
You barely miss the two-headed ogre.
Unknown command.
You hack one of the 12-headed hydra's heads off!
The 11-headed hydra grows two more!
You slash the 13-headed hydra!
The 13-headed hydra is almost dead.
You hit the two-headed ogre. The 13-headed hydra misses you.
The 13-headed hydra bites you but does no damage.
The 13-headed hydra misses you. x2; The 13-headed hydra bites you.
* * * LOW HITPOINT WARNING * * *
The 13-headed hydra bites you.
* * * LOW HITPOINT WARNING * * *
The 13-headed hydra bites you!
You die...

≈≈≈....≈≈≈≈≈≈##########.
#....≈≈≈≈..........##.
#....≈≈≈≈..........##.
≈###....≈≈≈#.)[)......###
#.......#≈##..).........#
........############.##.#
........# #.##.#
........## #.##..
........@# #.####
.######≈DO..+ #.#
..≈≈≈≈## ..# ≈...≈≈≈≈≈#
#.# ≈≈≈...≈≈≈≈≈..
≈≈h...≈≈≈≈#...
≈≈≈...≈≈≈##..."
≈≈≈≈.##≈.. ...


You could see a 13-headed hydra, a two-headed ogre and a hound.

Vanquished Creatures
  A hydra (D:9)
  A two-headed ogre (D:11)
  Urug (D:10)
  Pikel (D:8)
  An ugly thing (D:11)
  2 slime creatures (D:12)
  A troll (D:12)
  2 dream sheep (D:9)
  A hippogriff (D:11)
  11 yaks
  A shadow (D:12)
  A wraith (Ossuary)
  A steam dragon (D:10)
  3 vampire mosquitoes (D:12)
  2 hungry ghosts
  The ghost of weezle the Skirmisher, an amateur GrFi (D:4)
  A water moccasin (D:9)
  2 orc warriors
  A slave (D:8)
  A sky beast (D:9)
  A black bear (D:9)
  6 ice beasts
  5 necrophages
  5 centaurs
  4 ogres
  7 big kobolds
  A gnoll sergeant (D:11)
  7 bullfrogs
  A wyvern zombie (D:10)
  A wyvern skeleton (D:11)
  2 scorpions
  5 killer bees (D:7)
  4 electric eels (D:9)
  3 wights (D:12)
  10 howler monkeys
  6 crimson imps
  A quasit (D:10)
  A bullfrog zombie (D:10)
  A centaur zombie (D:7)
  2 jellies (D:7)
  6 orc wizards
  A human zombie (Ossuary)
  5 orc priests
  2 bullfrog skeletons
  4 centaur skeletons
  7 hounds
  9 worker ants
  An iguana (D:5)
  A big kobold zombie (Ossuary)
  2 hound skeletons
  4 mummies
  A howler monkey zombie (D:7)
  A worker ant zombie (D:9)
  16 gnolls
  2 howler monkey skeletons
  14 adders
  3 shadow imps
  An ooze (D:3)
  An adder zombie (D:7)
  An adder skeleton (D:7)
  2 worms (D:3)
  3 dart slugs
  9 leopard geckos
  24 orcs
  A ball python (D:2)
  19 giant cockroaches
  7 goblins
  5 hobgoblins
  7 jackals
  5 quokkas
  7 bats
  A frilled lizard (D:4)
  4 hobgoblin zombies
  23 kobolds
  3 kobold zombies (Ossuary)
  A leopard gecko skeleton (D:6)
  An orc zombie (D:6)
  A quokka skeleton (D:9)
  7 rats
  5 plants (D:9)
326 creatures vanquished.

Vanquished Creatures (others)
  A yak (D:9)
  An orc warrior (D:9)
  A slave (D:8)
  A black bear (D:9)
  An ogre (D:9)
  A big kobold (D:8)
  An electric eel (D:9)
  4 kobolds (D:8)
  3 bushes (D:7)
  26 plants
40 creatures vanquished.

Grand Total: 366 creatures vanquished

Notes
Turn   | Place    | Note
-------+----------+-------------------------------------------
     0 | D:1      | Fang the Gargoyle Berserker began the quest for the Orb.
     0 | D:1      | Reached XP level 1. HP: 14/14 MP: 1/1
   492 | D:1      | Reached XP level 2. HP: 13/19 MP: 2/2
   683 | D:1      | Found a glowing golden altar of the Shining One.
  1152 | D:2      | Reached skill level 3 in Axes
  1168 | D:2      | Reached XP level 3. HP: 21/24 MP: 3/3
  1358 | D:2      | Reached ** piety under Trog
  1470 | D:2      | Found a radiant altar of Vehumet.
  1470 | D:2      | Found an ancient bone altar of Kikubaaqudgha.
  1471 | D:2      | Found a deep blue altar of Sif Muna.
  1477 | D:2      | Identified Vehumet's Grimoire of Confrontation
  1580 | D:2      | Reached XP level 4. HP: 29/29 MP: 4/4
  1775 | D:2      | Found an ornate altar of the Wu Jian Council.
  1801 | D:3      | Found a faded altar of an unknown god.
  1806 | D:3      | Reached skill level 1 in Stealth
  2544 | D:3      | Reached XP level 5. HP: 33/33 MP: 5/5
  2596 | D:3      | Reached skill level 4 in Axes
  3007 | D:4      | Reached *** piety under Trog
  3017 | D:4      | Reached XP level 6. HP: 39/39 MP: 6/6
  3191 | D:4      | Reached skill level 5 in Axes
  3569 | D:4      | Found a shimmering altar of Xom.
  3570 | D:4      | Found a hazy altar of Hepliaklqana.
  3571 | D:4      | Noticed a spectral ugly thing
  3681 | D:4      | Noticed weezle's ghost (amateur GrFi)
  3703 | D:4      | Killed weezle's ghost
  3703 | D:4      | Reached XP level 7. HP: 16/44 MP: 7/7
  3721 | D:4      | Gained mutation: You are partially covered in molten scales. (AC +2) [potion of mutation]
  3721 | D:4      | Gained mutation: Your flesh is cold resistant. (rC+) [potion of mutation]
  3721 | D:4      | Gained mutation: You have sharp fingernails. [potion of mutation]
  4189 | D:4      | Got an ichor-stained ring mail
  4200 | D:4      | Identified the +5 ring mail of Moph {rF++} (You found it on level 4 of the Dungeon)
  4371 | D:4      | Reached skill level 5 in Fighting
  4480 | D:5      | Entered Level 5 of the Dungeon
  4732 | D:5      | Reached **** piety under Trog
  4750 | D:5      | Reached skill level 6 in Axes
  5046 | D:5      | Found a staircase to the Ecumenical Temple.
  5258 | D:5      | Reached XP level 8. HP: 12/49 MP: 8/8
  5975 | D:6      | Found a sand-covered staircase.
  5982 | Ossuary  | Entered an ossuary
  5982 | Ossuary  | Noticed a wraith
  5982 | Ossuary  | Noticed a wraith
  5982 | Ossuary  | Noticed a wraith
  6291 | Ossuary  | Noticed a wraith
  6295 | Ossuary  | Killed a wraith
  6295 | Ossuary  | Reached skill level 7 in Axes
  6421 | D:6      | Reached XP level 9. HP: 55/55 MP: 9/9
  6497 | D:6      | Found a sparkling altar of Nemelex Xobeh.
  6701 | D:7      | Found Vutyscha's Gadget Shop.
  6714 | D:7      | Reached ***** piety under Trog
  6843 | D:7      | Found a glowing golden altar of the Shining One.
  7011 | D:7      | Reached skill level 8 in Axes
  7027 | D:7      | Reached skill level 5 in Armour
  7077 | D:7      | Received a gift from Trog
  7215 | D:7      | Found a blossoming altar of Fedhas.
  7393 | D:7      | Reached skill level 9 in Axes
  7648 | D:8      | Found a snail-covered altar of Cheibriados.
  7648 | D:8      | Found a white marble altar of Elyvilon.
  7700 | D:8      | Noticed Pikel
  7703 | D:8      | Paralysed by Pikel for 2 turns
  7708 | D:8      | Paralysed by Pikel for 3 turns
  7714 | D:8      | Killed Pikel
  7714 | D:8      | Reached XP level 10. HP: 63/63 MP: 10/10
  8258 | D:8      | Found a shattered altar of Ashenzari.
  8463 | D:9      | Reached skill level 5 in Stealth
  8779 | D:9      | Found a shimmering altar of Xom.
  8807 | D:9      | Reached skill level 10 in Axes
  8839 | D:9      | Found an ornate altar of the Wu Jian Council.
  8955 | D:9      | Noticed a two-headed hydra
  8966 | D:9      | Reached skill level 5 in Dodging
  8973 | D:9      | Killed a 13-headed hydra
  9351 | D:9      | Reached XP level 11. HP: 49/68 MP: 11/11
  9541 | D:9      | Found Tulu's Gadget Boutique.
  9591 | D:9      | Found a shadowy altar of Dithmenos.
  9775 | D:10     | Entered Level 10 of the Dungeon
  9842 | D:10     | Found a staircase to the Orcish Mines.
 10133 | D:10     | Noticed Urug
 10145 | D:10     | Reached skill level 11 in Axes
 10154 | D:10     | Killed Urug
 10868 | D:11     | Received a gift from Trog
 11022 | D:11     | Noticed a two-headed ogre
 11032 | D:11     | Killed a two-headed ogre
 11096 | D:11     | Found Usmy's Armour Boutique.
 11203 | D:11     | Noticed a red ugly thing
 11213 | D:11     | Killed a red ugly thing
 11490 | D:11     | Found a staircase to the Lair.
 11646 | D:12     | Reached XP level 12. HP: 73/76 MP: 12/12
 11658 | D:12     | Noticed a four-headed hydra
 11665 | D:12     | Noticed a two-headed ogre
 11674 | D:12     | Reached skill level 12 in Axes
 11678 | D:12     | Slain by a 13-headed hydra

Skill      XL: |  1  2  3  4  5  6  7  8  9 10 11 12 |
---------------+-------------------------------------+-----
Axes           | 3 4 5 6 7 9 10 11 12 | 12.0
Dodging        | 2 3 4 5 6 |  6.1
Stealth        | 1 2 3 4 5 6 |  6.2
Fighting       | 4 5 6 7 8 9 |  9.4
Armour         | 3 4 5 7 8 |  8.5

Action                   |  1- 3 |  4- 6 |  7- 9 | 10-12 || total
-------------------------+-------+-------+-------+-------++-------
Melee: Hand axe          |   139 |   202 |   375 |   390 ||  1106
       Broad axe         |       |       |    20 |       ||    20
Invok: Berserk           |       |     5 |     4 |     8 ||    17
       Burn Spellbooks   |       |     2 |     1 |       ||     3
  Use: Scroll            |       |     8 |    14 |     6 ||    28
       Potion            |       |       |     2 |       ||     2
 Stab: Sleeping          |     1 |     2 |     9 |     8 ||    20
       Distracted        |       |       |       |     1 ||     1
  Eat: Chunk             |     2 |    11 |    10 |    15 ||    38
       Ration            |       |       |     2 |     3 ||     5
Armor: Animal skin       |    87 |    85 |    20 |       ||   192
       Ring mail         |       |       |   158 |   173 ||   331
Dodge: Dodged            |   124 |   125 |   199 |   222 ||   670
